 Dungeon Crawl Stone Soup version 0.26-a0-154-g3d63440f56 (webtiles) character file.

Game seed: 10219471394780238223

44 Flugslaktarn the Stinger (level 3, 0/16 HPs)
             Began as a Vine Stalker Venom Mage on July 1, 2020.
             Succumbed to a worker ant's poison
             ... on level 4 of the Dungeon.
             The game lasted 00:03:00 (622 turns).

Flugslaktarn the Stinger (Vine Stalker Venom Mage)   Turns: 622, Time: 00:03:01

Health: 0/16       AC:  2    Str: 10    XL:     3   Next: 62%
Magic:  0/8        EV: 12    Int: 16    God:
Gold:   42         SH:  0    Dex: 14    Spells: 4/7 levels left

rFire    . . .     SeeInvis .   e - -1 dagger (curse)
rCold    . . .     Faith    .   (no shield)
rNeg     . . .     Spirit   +   a - +0 robe
rPois    .         Reflect  .   (no helmet)
rElec    .         Harm     .   (no cloak)
rCorr    .                      (no gloves)
MR       .....                  (no boots)
Stlth    ++........             (no amulet)
HPRegen  0.05/turn              (no ring)
MPRegen  0.11/turn              (no ring)

@: lethally poisoned (0 -> -10)
A: fangs 2, magic shield, antimagic bite, no potion heal 3, rot immunity
a: no special abilities


You were on level 4 of the Dungeon.
You were not hungry.

You visited 1 branch of the dungeon, and saw 4 of its levels.

You collected 42 gold pieces.

Inventory:

Hand Weapons
 d - a +0 short sword
   (You took it off a kobold on level 1 of the Dungeon)
 e - a cursed -1 dagger (weapon)
   (You found it on level 1 of the Dungeon)
 m - a +0 flail
   (You took it off an orc on level 3 of the Dungeon)
Missiles
 j - 45 arrows
 k - 16 bolts
Armour
 a - a +0 robe (worn)
Scrolls
 b - a scroll of identify {unknown}
 f - a scroll of noise {unknown}
 g - 2 scrolls of amnesia {unknown}
 l - a scroll of remove curse {unknown}
Comestibles
 c - 3 rations
 h - a chunk of flesh


   Skills:
 - Level 1.5 Dodging
 - Level 2.4 Stealth
 + Level 2.9 Spellcasting
 - Level 1.0 Transmutations
 * Level 4.1 Poison Magic


You had 4 spell levels left.
You knew the following spells:

 Your Spells              Type           Power        Failure   Level  Hunger
a - Sting                 Tmut/Pois      ##..         7%          1    #......
b - Poisonous Vapours     Pois/Air       #.....       12%         2    ##.....

Your spell library contained the following spells:

 Spells                   Type           Power        Failure   Level  Hunger
 Ignite Poison            Fire/Tmut/Pois #.......     28%         3    ###....
 Mephitic Cloud           Conj/Pois/Air  #.......     32%         3    ###....
 Olgreb's Toxic Radiance  Pois           ###.....     34%         4    #####..


Dungeon Overview and Level Annotations

Branches:
Dungeon (4/15)
 Temple: D:4-7

Altars:
Zin

Shops:
D:3 *

Annotations:
D:2 Natasha


Innate Abilities, Weirdness & Mutations

You have extremely sharp teeth.
When hurt, damage is shared between your health and your magic reserves.
Your bite disrupts and absorbs the magic of your enemies.
Potions cannot restore your health.
You are immune to rotting.


Message History

Aiming: Sting (safe; 7% risk of failure)
Press: ? - help, Shift-Dir - straight line, f - orc
Aim: an orc, wielding a +0 short sword (lightly wounded)
The sting misses the orc.
The orc hits you with a +0 short sword.
* * * LOW HITPOINT WARNING * * *
Casting: Sting (safe; 7% risk of failure)
Confirm with . or Enter, or press ? or * to list all spells.
Aiming: Sting (safe; 7% risk of failure)
Press: ? - help, Shift-Dir - straight line, f/p - orc
Aim: an orc, wielding a +0 short sword (lightly wounded)
The sting hits the orc.
The orc is poisoned.
The orc is severely wounded.
The orc hits you with a +0 short sword.
* * * LOW HITPOINT WARNING * * *
You kill the orc!
Things that are here:
a +0 short sword; an orc corpse
Things that are here:
a +0 hand axe; an orc corpse You see here a +0 club.
Things that are here:
a +0 flail; a +0 scale mail
m - a +0 flail
There is a stone staircase leading down here.
You climb downwards.
A worker ant comes into view.
There is a stone staircase leading up here.
The worker ant twitches its antennae in your direction.
Casting: Sting (safe; 7% risk of failure)
Confirm with . or Enter, or press ? or * to list all spells.
Aiming: Poisonous Vapours (safe; 12% risk of failure)
Press: ? - help, Dir - move target cursor, f - worker ant
Aim: a worker ant Poisonous vapours surround the worker ant!
The worker ant is engulfed in poison gas.
The worker ant is poisoned.
Unknown command.
You closely miss the worker ant.
The worker ant is moderately wounded.
The worker ant bites you. The worker ant barely misses you.
Unknown command.
You hit the worker ant but do no damage.
You bite the worker ant, but do no damage.
The worker ant is moderately wounded.
The worker ant bites you.
* * * LOW HITPOINT WARNING * * *
You are lethally poisoned!
The worker ant poisons you!
It was a potion of cancellation.
You feel magically purged.
You die...

###
#######.########
.......@a.......
#######.########
#.# ###


You could see a worker ant (poisoned).

Vanquished Creatures
  An adder (D:3)
  A worm (D:2)
  A dart slug (D:3)
  A leopard gecko (D:2)
  4 orcs (D:3)
  3 bats
  3 giant cockroaches
  A goblin (D:1)
  A hobgoblin (D:3)
  A kobold (D:1)
  A quokka (D:2)
  3 frilled lizards
  3 rats
24 creatures vanquished.

Notes
Turn   | Place    | Note
-------+----------+-------------------------------------------
     0 | D:1      | Flugslaktarn the Vine Stalker Venom Mage began the quest
                  | for the Orb.
     0 | D:1      | Reached XP level 1. HP: 9/9 MP: 4/4
   158 | D:1      | Reached XP level 2. HP: 11/13 MP: 4/6
   274 | D:2      | Noticed Natasha
   323 | D:3      | Learned a level 2 spell: Poisonous Vapours
   369 | D:3      | Reached XP level 3. HP: 8/16 MP: 2/8
   550 | D:3      | Found Zin's Purification Station.
   555 | D:3      | Found a glowing silver altar of Zin.
   566 | D:3      | Reached skill level 4 in Poison Magic
   622 | D:4      | Succumbed to a worker ant's poison

Illustrated notes

Levels and vault maps discovered:
D:1:      dpeg_arrival_arbitrary_c, layout_loops_ring
D:2:      layout_basic, minmay_tall_x, uniq_natasha
D:3:      layout_basic, zin_purify
D:4:      minmay_angry_zag, layout_basic, nemelex_altar_shiori, minitemple,
          first_ration, serial_shops, shop, kennysheep_mini, shop_statue, shop,
          shop, minmay_manual_moon, uniq_menkaure, uniq_edmund

Skill      XL: |  1  2  3 |
---------------+----------+-----
Poison Magic   | 4 |  4.1
Dodging        | |  1.5
Stealth        | |  2.4
Spellcasting   | |  2.9
Transmutations | |  1.0

Action                   || total
-------------------------++-------
Melee: Dagger            ||    23
       Unarmed           ||     1
       Bite              ||    10
 Cast: Sting             ||    36
       Poisonous Vapours ||     3
  Use: Potion            ||     3
 Stab: Sleeping          ||     2
Armor: Robe              ||     9
Dodge: Dodged            ||    30

Table legend:
 A = Non-vault XP
 B = Vault XP
 C = Vault XP percentage of total XP
 D = Non-vault monster count
 E = Vault monster count
 F = Vault count percentage of total count
                 A         B        C        D         E       F
            +---------+---------+-------+---------+---------+-------
      Total |      64 |       0 |   0.0 |      24 |       0 |   0.0
            +---------+---------+-------+---------+---------+-------
        D:1 |      14 |       0 |   0.0 |       8 |       0 |   0.0
        D:2 |      11 |       0 |   0.0 |       4 |       0 |   0.0
        D:3 |      39 |       0 |   0.0 |      12 |       0 |   0.0
            +---------+---------+-------+---------+---------+-------
